 Dungeon Crawl Stone Soup version 0.31-a0-1225-g50297eb6a4 (webtiles) character file.

Game seed: 3245340618916327976

697 Dirtsage the Caller (level 7, -11/53 HPs)
             Began as a Demonspawn Summoner on Dec 14, 2023.
             Killed by an exploding themself (36 damage)
             ... ignited by their inner flame
             ... on level 5 of the Dungeon.
             The game lasted 00:11:16 (3913 turns).

Dirtsage the Caller (Demonspawn Summoner)           Turns: 3913, Time: 00:11:16

Health: -11/53     AC:  3    Str:  8    XL:     7   Next: 38%
Magic:  6/13       EV: 12    Int: 17    God:
Gold:   194        SH:  6    Dex: 14    Spells: 5/14 levels left

rFire   . . .        c - +0 sling
rCold   . . .        (no shield)
rNeg    . . .        a - +0 robe
rPois   .            (helmet restricted)
rElec   .            k - +0 cloak
rCorr   .            (no gloves)
SInv    +            (no boots)
Will    .....        (no amulet)
Stlth   ++           S - ring of see invisible
HPRegen 0.28/turn    (no ring)
MPRegen 0.13/turn

%: no passive effects
@: inugami summoned
A: horns 1, large bone plates 2
a: no special abilities


You were on level 5 of the Dungeon.
You visited 1 branch of the dungeon, and saw 5 of its levels.

You collected 316 gold pieces.
You spent 122 gold pieces at shops.

Inventory:

Hand Weapons
 c - a +0 sling (weapon)
Armour
 a - a +0 robe (worn)
 k - a +0 cloak (worn)
Magical Staves
 h - a staff of cold
Jewellery
 S - a ring of see invisible (left hand)
Scrolls
 d - a scroll of teleportation {unknown}
 e - a scroll of enchant weapon
 f - a scroll of poison {unknown}
 i - 3 scrolls of identify
 j - a scroll of revelation {unknown}
 n - a scroll of vulnerability {unknown}
 B - 2 scrolls of blinking
Potions
 b - a potion of magic
 g - a potion of resistance {unknown}
 l - 2 potions of heal wounds
 m - 2 potions of berserk rage {unknown}
 o - a potion of invisibility {unknown}
 q - 3 potions of curing


   Skills:
 + Level 3.7 Fighting
 - Level 1.7 Dodging
 - Level 1.7 Stealth
 + Level 4.1 Spellcasting
 * Level 7.0 Summonings


You had 5 spell levels left.
You knew the following spells:

 Your Spells              Type           Power      Damage    Failure   Level
a - Summon Small Mammal   Summ           100%       N/A       1%          1
b - Call Imp              Summ           54%        N/A       1%          2
c - Call Canine Familiar  Summ           27%        N/A       2%          3
d - Summon Guardian Gole  Hex/Summ       15%        N/A       11%         3

Your spell library contained the following spells:

 Spells                   Type           Power      Damage    Failure   Level
 Summon Lightning Spire   Summ/Air       15%        N/A       36%         4


Dungeon Overview and Level Annotations

Branches:
Dungeon (5/15)
 Temple: D:4-7

Altars:
Okawaru

Shops:
D:1 *   D:4 =!(*=

Annotations:
D:5 Eustachio


Innate Abilities, Weirdness & Mutations

You have a pair of small horns on your head.
You are mostly covered in large bone plates. (SH +6)


Message History

You imbue your familiar with magical energy and its fangs glint viciously.
Your inugami barely misses the river rat.
Your inugami hits the river rat but does no damage.
Your cerulean imp barely misses Eustachio.
Your inugami hits the river rat.
Eustachio hits your cerulean imp with a +0 rapier.
Your cerulean imp dies!
Your cerulean imp disappears in a puff of smoke!
Flame seeps out of your guardian golem.
Your guardian golem is engulfed in blazing flames.
Flame seeps out of your guardian golem. The river rat misses your inugami.
The river rat bites your guardian golem but does no damage.
You now have 5/13 mp.
Your inugami hits the river rat.
Your inugami hits the river rat but does no damage.
The river rat completely misses your guardian golem.
Your guardian golem is engulfed in blazing flames.
Flame seeps out of your guardian golem.
The river rat closely misses your inugami.
Your inugami hits the river rat.
The river rat dies!
The river rat's corpse disappears in a puff of smoke!
Eustachio hits your inugami with a +0 rapier.
The river rat bites your guardian golem but does no damage.
Your inugami hits Eustachio. Eustachio barely misses your inugami.
The river rat bites your guardian golem but does no damage.
Your inugami hits Eustachio.
Eustachio casts a spell.
Your inugami hits Eustachio.
The river rat bites your guardian golem but does no damage.
The bat closely misses your inugami.
Your inugami misses Eustachio.
Eustachio hits your inugami with a +0 rapier.
Flame seeps out of your guardian golem.
The quokka completely misses your inugami.
Your guardian golem is engulfed in blazing flames.
Your guardian golem disappears in a puff of smoke!
Your guardian golem explodes!
The fiery explosion engulfs you!!!
Ouch! That really hurt!
You die...

## $# #.#
..#
######b.#
#.@○rh@.#
######r##
.# ##


You could see Eustachio (distracted, ally target), a river rat (summoned), a
quokka (summoned), a bat (summoned) and a friendly inugami (summoned,
sheltered).

Vanquished Creatures
  A black bear (D:4)
  A gnoll (D:4)
  2 adders
  2 worms
  A dart slug (D:1)
  6 orcs
  4 bats (D:1)
  11 endoplasms
  4 giant cockroaches
  5 goblins
  6 hobgoblins
  2 jackals (D:2)
  6 kobolds
  A quokka (D:4)
  4 ball pythons
  2 frilled lizards
  7 rats
65 creatures vanquished.

Vanquished Creatures (collateral kills)
  A sky beast (D:4)
  A black bear (D:4)
  2 phantoms (D:4)
  A hound (D:4)
  Jessica (D:2)
  An adder (D:2)
  6 gnolls
  2 ufetubi (D:5)
  8 orcs
  2 endoplasms
  A giant cockroach (D:1)
  5 jackals (D:2)
  A kobold (D:2)
  2 quokkas (D:1)
  2 ball pythons
  A frilled lizard (D:2)
  A rat (D:3)
38 creatures vanquished.

Grand Total: 103 creatures vanquished

Notes
Turn   | Place    | Note
-------+----------+-------------------------------------------
     0 | D:1      | Dirtsage the Demonspawn Summoner began the quest for the
                  | Orb.
     0 | D:1      | Reached XP level 1. HP: 13/13 MP: 3/3
   175 | D:1      | Gained mutation: You are partially covered in large bone
                  | plates. (SH +4) [demonic ancestry]
   175 | D:1      | Reached XP level 2. HP: 20/20 MP: 1/5
   231 | D:1      | Learned a level 2 spell: Call Imp
   254 | D:1      | You fall into a shaft and drop 1 floor!
   285 | D:2      | Reached skill level 1 in Fighting
   357 | D:1      | Found a faded altar of an unknown god.
   374 | D:1      | Reached XP level 3. HP: 26/26 MP: 6/6
   467 | D:1      | Found Maive's General Store.
   482 | D:1      | Bought a scroll of identify for 26 gold pieces
   995 | D:2      | Reached XP level 4. HP: 15/32 MP: 2/7
  1116 | D:2      | Learned a level 3 spell: Call Canine Familiar
  1381 | D:2      | Noticed Jessica
  1392 | D:2      | Killed Jessica
  1393 | D:2      | Reached skill level 5 in Summonings
  2242 | D:3      | Reached XP level 5. HP: 38/38 MP: 3/9
  2662 | D:4      | Found Lares's Antique Weapon Shop.
  2713 | D:4      | Noticed a black bear
  2722 | D:4      | Killed a black bear
  2723 | D:4      | Gained mutation: You have a pair of small horns on your
                  | head. [demonic ancestry]
  2723 | D:4      | Reached XP level 6. HP: 45/46 MP: 2/11
  2734 | D:4      | Reached skill level 6 in Summonings
  2818 | D:4      | Found Yloedaeq's Jewellery Emporium.
  2834 | D:4      | Noticed a sky beast
  2846 | D:4      | Killed a sky beast
  2977 | D:4      | Found Omanaqas's Distillery.
  2980 | D:4      | Bought a potion of heal wounds for 60 gold pieces
  2980 | D:4      | Bought a potion of curing for 36 gold pieces
  3215 | D:4      | Gained mutation: You are mostly covered in large bone
                  | plates. (SH +6) [demonic ancestry]
  3215 | D:4      | Reached XP level 7. HP: 52/52 MP: 12/12
  3252 | D:4      | Learned a level 3 spell: Summon Guardian Golem
  3254 | D:4      | Found an iron altar of Okawaru.
  3412 | D:4      | Found Wirer's Jewellery Emporium.
  3541 | D:4      | Found Zesseicidgh's Assorted Antiques.
  3568 | D:4      | Reached skill level 7 in Summonings
  3870 | D:5      | Entered Level 5 of the Dungeon
  3881 | D:5      | Noticed Eustachio
  3913 | D:5      | Killed by an exploding themself... ignited by their inner
                  | flame

Illustrated notes

Levels and vault maps discovered:
D:1:      minmay_arrival_up_and_down, layout_loops_ring, serial_shops, shop,
          ebering_ecumenical_altar_box
D:2:      layout_basic, serial_bayou, serial_bayou_lagoon_b,
          serial_bayou_pond_e, serial_bayou_shore_b, serial_bayou_crossing,
          basic_altar, uniq_jessica
D:3:      layout_loops_ring
D:4:      minmay_evil_eye, layout_loops_ring, mainiacjoe_overflow_chevrons,
          serial_shops, shop, kennysheep_mini_moat,
          nicolae_shop_window_shopping, nicolae_shop_pleasant_corner_grove,
          nicolae_shop_gaudy_bauble
D:5:      layout_basic, minmay_temple_entry_mist, uniq_eustachio, uniq_ijyb

Skill      XL: |  1  2  3  4  5  6  7 |
---------------+----------------------+-----
Fighting       | 1 2 3 |  3.7
Summonings     | 5 6 7 |  7.0
Spellcasting   | 3 4 |  4.1
Dodging        | |  1.7
Stealth        | |  1.7

Action                     |  1- 3 |  4- 6 |  7- 9 || total
---------------------------+-------+-------+-------++-------
  Melee: Unarmed           |     7 |       |       ||     7
   Fire: Sling             |    93 |   115 |    42 ||   250
   Cast: Summon Small Mamm |    12 |     6 |     1 ||    19
         Call Imp          |     5 |    12 |     2 ||    19
         Call Canine Famil |       |    16 |     5 ||    21
         Summon Guardian G |       |       |     5 ||     5
    Use: Scroll            |     2 |       |       ||     2
 Armour: Robe              |    40 |    42 |    46 ||   128
  Dodge: Dodged            |    49 |    43 |    59 ||   151
  Block: Other             |     9 |    11 |    18 ||    38

Table legend: (Time is in decaauts)
 A = Elapsed time spent in this place.
 B = Non-inter-level travel time spent in this place.
 C = Inter-level travel time spent in this place.
 D = Time resting spent in this place.
 E = Time spent auto-exploring this place.
 F = Levels seen in this place.
 G = Mean time per level.
                   A        B        C        D        E       F      G
               +--------+--------+--------+--------+--------+-----+--------+
         Total |   4037 |   3966 |     71 |     10 |   3110 |   5 |  807.4 |
       Dungeon |   4037 |   3966 |     71 |     10 |   3110 |   5 |  807.4 |
               +--------+--------+--------+--------+--------+-----+--------+

Top non-repeatable levels by time:
     D:4: 1252 daAuts
     D:2: 1057 daAuts
     D:1: 841 daAuts
     D:3: 840 daAuts
     D:5: 45 daAuts
